 Dungeon Crawl Stone Soup version 0.26.1-10-gdfb7c7de75 (webtiles) character file.

Game seed: 12849227901193663626

142 lenonis the Chopper (level 5, -2/47 HPs)
             Began as a Hill Orc Fighter on Apr 4, 2021.
             Slain by a gnoll
             ... wielding a +0 halberd
              (9 damage)
             ... on level 2 of the Dungeon.
             The game lasted 00:11:29 (1351 turns).

lenonis the Chopper (Hill Orc Fighter)              Turns: 1351, Time: 00:11:34

Health: -2/47      AC:  4    Str: 18 (20) XL:     5   Next: 25%
Magic:  5/5        EV:  8    Int:  8      God:
Gold:   86         SH: 10    Dex: 10      Spells: 4/4 levels left

rFire    . . .     SeeInvis .   a - +1 war axe
rCold    . . .     Faith    .   c - +1 kite shield
rNeg     . . .     Spirit   .   p - +0 leather armour (curse)
rPois    +         Reflect  .   (no helmet)
rElec    .         Harm     .   (no cloak)
rCorr    .         Rampage  .   r - +0 pair of gloves
Will     .....                  (no boots)
Stlth    +.........             (no amulet)
HPRegen  0.15/turn              x - ring of poison resistance
MPRegen  0.09/turn              (no ring)

@: no status effects
A: no striking features
a: no special abilities


You were on level 2 of the Dungeon.
You visited 1 branch of the dungeon, and saw 2 of its levels.

You collected 86 gold pieces.

Inventory:

Hand Weapons
 a - a +1 war axe (weapon)
 f - a +0 short sword
 g - a +0 falchion
 h - a +0 dagger
 l - a +0 club
 m - a +0 spear
 n - a +0 hand axe
 q - a +0 hand axe
Missiles
 e - 110 stones (quivered)
 u - 19 arrows
Armour
 c - a +1 kite shield (worn)
 j - a +0 ring mail
 p - a cursed +0 leather armour (worn)
 r - a +0 pair of gloves (worn)
 s - a +0 chain mail
Jewellery
 x - a ring of poison resistance (left hand)
Scrolls
 t - a scroll of enchant armour
Potions
 d - a potion of might
 i - 2 potions of curing


   Skills:
 + Level 4.5 Fighting
 + Level 4.9 Axes
 + Level 3.9 Armour
 + Level 0.1 Dodging
 + Level 0.1 Stealth
 + Level 4.0 Shields


You had 4 spell levels left.
You didn't know any spells.
Your spell library was empty.

Dungeon Overview and Level Annotations

Branches:
Dungeon (2/15)

Altars:


Message History

The gnoll hits you! The gnoll completely misses you.
The gnoll hits you from afar with a +0 halberd.
The gnoll barely misses you. x2
You hit the gnoll but do no damage.
The gnoll is severely wounded.
The gnoll closely misses you. The gnoll barely misses you.
You block the gnoll's attack.
You barely miss the gnoll.
The gnoll is severely wounded.
The gnoll hits you.
The gnoll hits you from afar with a +0 spear!
The gnoll hits you from afar with a +0 halberd!
* * * LOW HITPOINT WARNING * * *
You closely miss the gnoll.
The gnoll is severely wounded.
The gnoll hits you.
* * * LOW HITPOINT WARNING * * *
The gnoll hits you but does no damage.
The gnoll hits you from afar with a +0 halberd!
You die...

. .. ... .... .....
##############
.....g##............####
.....gg@............'...
......##............####
..... #............#
#### ##############


You could see 3 gnolls.

Vanquished Creatures
  A phantom (D:2)
  A gnoll (D:1)
  2 oozes (D:1)
  A worm (D:2)
  2 dart slugs
  4 bats
  2 giant cockroaches (D:1)
  2 goblins (D:1)
  4 hobgoblins (D:1)
  2 jackals (D:1)
  A frilled lizard (D:1)
  5 kobolds (D:1)
  2 rats (D:1)
29 creatures vanquished.

Notes
Turn   | Place    | Note
-------+----------+-------------------------------------------
     0 | D:1      | lenonis the Hill Orc Fighter began the quest for the Orb.
     0 | D:1      | Reached XP level 1. HP: 19/19 MP: 1/1
    67 | D:1      | Reached XP level 2. HP: 19/27 MP: 2/2
   175 | D:1      | Reached XP level 3. HP: 32/33 MP: 3/3
   970 | D:2      | Noticed a phantom
  1036 | D:2      | Killed a phantom
  1037 | D:2      | Reached XP level 4. HP: 15/41 MP: 4/4
  1037 | D:2      | Reached XP level 5. HP: 17/47 MP: 5/5
  1351 | D:2      | Slain by a gnoll

Illustrated notes

Levels and vault maps discovered:
D:1:      doesnt_arrival_eight_statues, layout_loops_ring,
          minmay_misc_feat_room, kennysheep_crisscross
D:2:      layout_basic

Skill      XL: |  1  2  3 |
---------------+----------+-----
Fighting       | 4 |  4.5
Axes           | 3 4 |  4.9
Shields        | 4 |  4.0
Armour         | |  3.9
Dodging        | |  0.1
Stealth        | |  0.1

Action                   |  1- 3 |  4- 6 || total
-------------------------+-------+-------++-------
Melee: War axe           |   103 |     5 ||   108
  Use: Scroll            |     4 |     1 ||     5
       Potion            |     3 |     1 ||     4
Armor: Scale mail        |    28 |       ||    28
       Chain mail        |    19 |       ||    19
       Leather armour    |       |     3 ||     3
Dodge: Dodged            |    25 |     8 ||    33
Block: Kite shield       |    39 |     2 ||    41
